 Dungeon Crawl Stone Soup version 0.21.0-3-g78d12a8 (webtiles) character file.

167 sagitran the Chiller (level 5, -3/40 HPs)
             Began as a Draconian Ice Elementalist on Jan 8, 2018.
             Slain by BonusName's ghost (14 damage)
             ... on level 3 of the Dungeon.
             The game lasted 00:10:49 (2374 turns).

sagitran the Chiller (Draconian Ice Elementalist)   Turns: 2374, Time: 00:10:50

Health: -3/40      AC:  6    Str: 10    XL:     5   Next: 23%
Magic:  1/8        EV: 12    Int: 17    God:
Gold:   138        SH:  3    Dex: 11    Spells: 2/8 levels left

rFire    . . .     SeeInvis .   c - +0 flail
rCold    . . .     Gourm    .   h - +0 buckler
rNeg     . . .     Faith    .   (armour unavailable)
rPois    +         Spirit   .   (helmet restricted)
rElec    .         Reflect  .   (no cloak)
rCorr    .         Harm     .   m - +0 pair of gloves
MR       .....                  (no boots)
Stlth    +++.......             (no amulet)
HPRegen  0.13/turn              n - ring of stealth
MPRegen  0.11/turn              u - ring of poison resistance

@: very slightly contaminated
A: unfitting armour, cold-blooded, AC +5
a: no special abilities


You were on level 3 of the Dungeon.
You were not hungry.

You visited 1 branch of the dungeon, and saw 3 of its levels.

You collected 138 gold pieces.

Inventory:

Hand Weapons
 c - a +0 flail (weapon)
 e - a +0 short sword
 l - a +0 club
 o - a +4 hunting sling of velocity
Missiles
 r - 47 stones (quivered)
 w - 53 sling bullets
Armour
 h - a +0 buckler (worn)
 k - a +0 shield
 m - a +0 pair of gloves (worn)
Jewellery
 n - a ring of stealth (left hand)
 t - an uncursed ring of flight
 u - a ring of poison resistance (right hand)
Wands
 j - a wand of paralysis (16)
Scrolls
 d - a scroll of blinking
 q - a scroll of noise {unknown}
 s - 2 scrolls of identify
 x - a scroll of teleportation {unknown}
Potions
 f - a potion of heal wounds {unknown}
 g - a potion of brilliance {unknown}
 i - a potion of flight {unknown}
 p - a potion of curing
 v - a potion of might {unknown}
Books
 a - a book of Frost

   Spells                             Type                      Level
   a - Freeze                         Ice                          1
   b - Throw Frost                    Conjuration/Ice              2
   c - Ozocubu's Armour               Charms/Ice                   3
   d - Throw Icicle                   Conjuration/Ice              4
   e - Summon Ice Beast               Ice/Summoning                4
Comestibles
 b - 2 rations


   Skills:
 + Level 1.2 Fighting
 + Level 0.4 Short Blades
 + Level 2.1 Maces & Flails
 + Level 1.1 Slings
 + Level 2.3 Dodging
 + Level 2.6 Stealth
 + Level 0.8 Shields
 + Level 0.5 Unarmed Combat
 + Level 2.2 Spellcasting
 + Level 1.0 Conjurations
 + Level 3.5 Ice Magic


You had 2 spell levels left.
You knew the following spells:

 Your Spells              Type           Power        Failure   Level  Hunger
a - Freeze                Ice            ##..         7%          1    #......
b - Throw Frost           Conj/Ice       #.....       17%         2    ###....
c - Ozocubu's Armour      Chrm/Ice       #.......     38%         3    ###....


Dungeon Overview and Level Annotations

Branches:
Dungeon (3/15)

Altars:
Ru

Annotations:
D:3 BonusName's ghost, amateur MiFi


Innate Abilities, Weirdness & Mutations

Your plain brown scales are hard. (AC +5)
You cannot fit into any form of body armour.
You are cold-blooded and may be slowed by cold attacks.


Message History

You hit BonusName's ghost.
BonusName's ghost is heavily damaged.
BonusName's ghost hits you.
* * * LOW HITPOINT WARNING * * *
Okay, then.
It was a potion of curing.
You feel better. BonusName's ghost closely misses you.
You hit BonusName's ghost but do no damage.
BonusName's ghost is heavily damaged.
BonusName's ghost barely misses you. BonusName's ghost hits you.
* * * LOW HITPOINT WARNING * * *
Casting: Freeze
Confirm with . or Enter, or press ? or * to list all spells.
Aiming: Freeze
Press: ? - help, Shift-Dir - straight line, f/p - BonusName's ghost
Aim: BonusName's ghost (heavily damaged)
You freeze BonusName's ghost.
BonusName's ghost is severely damaged.
BonusName's ghost hits you!
You die...

#..###......#.#.................
#..# #.###......##...####......#
##.###.)......#.###.## #.......
#.....###.####.# #.########....
#####.#####.# #.# #..<.......#..
.........##.# #.# #############.
#####.##.##.# #.# #. #.##.##.#
#.# #. ##.##.##.# #@# #.
####........# #W# #.
...).....#..####.###### .....
.#.............#......# ##...
.#.#.....#.###.######.# #...
.#.#..<..#.# #.# ##.# ##.#
.#.#####.#.# #.# ##..# #.
.........#.###.####.#.# #.
.#.#######......##.###.#


You could see BonusName's ghost.

Vanquished Creatures
  A bullfrog skeleton (D:3)
  3 gnolls (D:2)
  3 adders
  2 oozes
  3 dart slugs
  8 orcs (D:3)
  6 bats
  5 giant cockroaches
  8 goblins
  4 hobgoblins (D:1)
  4 jackals (D:2)
  A quokka (D:2)
  A ball python (D:3)
  5 frilled lizards
  4 kobolds
  6 rats
64 creatures vanquished.

Notes
Turn   | Place    | Note
-------+----------+-------------------------------------------
     0 | D:1      | sagitran the Draconian Ice Elementalist began the quest for the Orb.
     0 | D:1      | Reached XP level 1. HP: 14/14 MP: 3/3
   432 | D:1      | Reached XP level 2. HP: 20/20 MP: 5/5
   643 | D:1      | Learned a level 2 spell: Throw Frost
  1028 | D:2      | Reached XP level 3. HP: 25/26 MP: 6/6
  1038 | D:2      | Learned a level 3 spell: Ozocubu's Armour
  1103 | D:2      | Reached skill level 1 in Maces & Flails
  1391 | D:2      | Reached XP level 4. HP: 33/33 MP: 7/7
  1732 | D:3      | Reached skill level 1 in Fighting
  2081 | D:3      | Reached XP level 5. HP: 39/40 MP: 8/8
  2096 | D:3      | Reached skill level 1 in Slings
  2113 | D:3      | Found a sacrificial altar of Ru.
  2348 | D:3      | Noticed BonusName's ghost (amateur MiFi)
  2374 | D:3      | Slain by BonusName's ghost

Skill      XL: |  1  2  3  4  5 |
---------------+----------------+-----
Stealth        | 2 |  2.6
Dodging        | 2 |  2.3
Maces & Flails | 1 2 |  2.1
Fighting       | 1 |  1.2
Slings         | 1 |  1.1
Short Blades   | |  0.4
Shields        | |  0.8
Unarmed Combat | |  0.5
Spellcasting   | |  2.2
Conjurations   | |  1.0
Ice Magic      | |  3.5

Action                   |  1- 3 |  4- 6 || total
-------------------------+-------+-------++-------
Melee: Unarmed           |    13 |       ||    13
       Short sword       |    27 |       ||    27
       Tailslap          |    12 |     5 ||    17
       Club              |    67 |     5 ||    72
       Flail             |       |    54 ||    54
       Dagger            |       |    11 ||    11
 Fire: Hunting sling     |     5 |    18 ||    23
 Cast: Freeze            |    15 |    10 ||    25
       Throw Frost       |     1 |       ||     1
  Use: Scroll            |       |     6 ||     6
       Potion            |       |     1 ||     1
 Stab: Sleeping          |     7 |     3 ||    10
  Eat: Chunk             |     2 |     2 ||     4
       Ration            |       |     1 ||     1
Armor: Skin              |    47 |    37 ||    84
Dodge: Dodged            |    74 |    68 ||   142
Block: Buckler           |     7 |    17 ||    24
